 Dungeon Crawl Stone Soup version 0.28.0-45-g0d030f2227 (webtiles) character file.

Game seed: 13568147488742010087

50 brightshaft the Firebug (level 3, 0/26 HPs)
             Began as a Demigod Fire Elementalist on Apr 16, 2022.
             Slain by a bat (1 damage)
             ... on level 3 of the Dungeon.
             The game lasted 00:04:38 (3292 turns).

brightshaft the Firebug (Demigod Fire Elementalist) Turns: 3292, Time: 00:04:39

Health: 0/26       AC:  2    Str:  9    XL:     3   Next: 35%
Magic:  9/9        EV: 12    Int: 21    God:
Gold:   117        SH:  0    Dex: 14    Spells: 3/6 levels left

rFire   . . .      SeeInvis .   g - +0 dagger
rCold   . . .      Faith    .   (no shield)
rNeg    . . .      Spirit   .   a - +0 robe
rPois   .          Reflect  .   (no helmet)
rElec   .          Harm     .   (no cloak)
rCorr   .          Rampage  .   (no gloves)
Will    .....                   (no boots)
Stlth   ++........              (no amulet)
HPRegen 0.08/turn               i - ring of wizardry
MPRegen 0.11/turn               (no ring)

@: no status effects
A: high MP 1, forlorn, divine attributes
a: no special abilities


You were on level 3 of the Dungeon.
You visited 1 branch of the dungeon, and saw 3 of its levels.

You collected 117 gold pieces.

Inventory:

Hand Weapons
 g - a +0 dagger (weapon)
Armour
 a - a +0 robe (worn)
Jewellery
 i - a ring of wizardry (left hand)
Scrolls
 b - a scroll of vulnerability {unknown}
 c - a scroll of fear {unknown}
 d - a scroll of magic mapping
 f - 2 scrolls of identify {@r1}
Potions
 e - 2 potions of might
 h - a potion of curing {unknown}
 j - a potion of brilliance {unknown}


   Skills:
 - Level 1.8 Dodging
 - Level 1.8 Stealth
 + Level 2.3 Spellcasting
 + Level 1.6 Conjurations
 * Level 3.4 Fire Magic


You had 3 spell levels left.
You knew the following spells:

 Your Spells              Type           Power      Damage    Failure   Level
a - Foxfire               Conj/Fire      52%        2x1d6     1%          1
b - Scorch                Fire           32%        2d7       2%          2

Your spell library contained the following spells:

 Spells                   Type           Power      Damage    Failure   Level
 Conjure Flame            Conj/Fire      13%        6-21      6%          3
 Inner Flame              Hex/Fire       9%         N/A       9%          3
 Gell's Gravitas          Tloc           2%         N/A       17%         3
 Lesser Beckoning         Tloc           2%         N/A       17%         3
 Teleport Other           Tloc           2%         N/A       17%         3
 Flame Wave               Conj/Fire      13%        2d6       21%         4


Dungeon Overview and Level Annotations

Branches:
Dungeon (3/15)


Innate Abilities, Weirdness & Mutations

You have an increased reservoir of magic. (+10% MP)
You shall have no god before yourself.
Your divine heritage dramatically boosts your attributes as you level up.


Message History

The giant cockroach bites you.
* * * LOW HITPOINT WARNING * * *
The bat closely misses you. The adder closely misses you.
The giant cockroach closely misses you.
The giant cockroach bites you but does no damage.
The bat hits you but does no damage. The bat misses you.
The adder barely misses you. The bat hits you.
* * * LOW HITPOINT WARNING * * *
The giant cockroach barely misses you. The bat hits you but does no damage.
The giant cockroach closely misses you. The bat hits you but does no damage.
The bat hits you but does no damage.
A bat comes into view.
The bat hits you.
* * * LOW HITPOINT WARNING * * *
A rat and a bat come into view.
Found a stone staircase leading down.
The bat barely misses you. The bat closely misses you.
The giant cockroach barely misses you. The bat closely misses you.
Found 3 gold pieces.
The bat barely misses you. The bat barely misses you.
The bat barely misses you. The adder closely misses you.
The bat barely misses you.
Found a scroll labelled LEQAOS OFFO, a fizzy golden potion and 16 stones.
The bat barely misses you. The bat closely misses you.
A rat comes into view.
The bat closely misses you. The bat hits you but does no damage.
The bat barely misses you. The bat hits you but does no damage.
The bat closely misses you. The bat misses you. The bat hits you.
* * * LOW HITPOINT WARNING * * *
The bat closely misses you. The bat hits you but does no damage.
The bat barely misses you.
The orc shouts!
The bat hits you but does no damage. The bat closely misses you. x2
The bat hits you.
You die...

##.K##.####.......# ##...#
.(#.......#
######r.r.#..!#.......#
.........o#.. #...#####
..>.....##.####...#
......o.#.#.......#### ##########
....o.##o##.......'... ..........
..b...#.#o..Bb....#######.##..###
$..b##.##.S.Kg..@!....# ##....
....#?#...##...b......# #.#.# ...
###..###..........# #.... ...
.....# #######.#### ...#.#
.........# ..# ...... ##########
.... ...... ...# ...... ...# ##.
####.


You could see an adder, 2 orcs, a giant cockroach, a hobgoblin, 2 bats and a
kobold.

Vanquished Creatures
  An adder (D:3)
  An orc (D:3)
  8 endoplasms
  2 giant cockroaches (D:1)
  A goblin (D:1)
  4 hobgoblins
  2 jackals (D:1)
  A kobold (D:2)
  2 quokkas (D:2)
  2 ball pythons
  4 bats
  3 frilled lizards
  4 rats
35 creatures vanquished.

Vanquished Creatures (collateral kills)
  2 foxfires (D:1)
2 creatures vanquished.

Vanquished Creatures (others)
  53 foxfires (D:1)
53 creatures vanquished.

Grand Total: 90 creatures vanquished

Notes
Turn   | Place    | Note
-------+----------+-------------------------------------------
     0 | D:1      | brightshaft the Demigod Fire Elementalist began the quest
                  | for the Orb.
     0 | D:1      | Reached XP level 1. HP: 14/14 MP: 5/5
    52 | D:1      | Reached skill level 1 in Conjurations
   792 | D:1      | Reached XP level 2. HP: 20/20 MP: 2/7
   795 | D:1      | Learned a level 2 spell: Scorch
  1205 | D:1      | Reached skill level 3 in Fire Magic
  2853 | D:3      | Reached XP level 3. HP: 26/26 MP: 5/8
  3265 | D:3      | HP: 1/26 [bat (1)]
  3274 | D:3      | HP: 1/26 [bat (1)]
  3287 | D:3      | HP: 1/26 [bat (1)]
  3292 | D:3      | Slain by a bat

Illustrated notes

Levels and vault maps discovered:
D:1:      eino_arrival_druids_welcome, layout_basic, serial_corexii_hall,
          corexii_hall_statues_t, chequers_hall_statues_corner_a,
          shapermc_ecumenical_altar_mp_urbaneastern, fountainhead,
          minmay_misc_feat_columns
D:2:      layout_loops_corners, palyth_stone_intersect, chequers_mini_garden,
          minmay_bisected
D:3:      layout_basic, serial_glass, glass_columns_c, glass_columns_a,
          glass_columns_a, glass_columns_a, glass_columns_a, glass_columns_b,
          minmay_vboxes

Skill      XL: |  1  2 |
---------------+-------+-----
Conjurations   | 1 |  1.6
Spellcasting   | 2 |  2.3
Fire Magic     | 3 |  3.4
Dodging        | |  1.8
Stealth        | |  1.8

Action                   || total
-------------------------++-------
Melee: Unarmed           ||    20
       Dagger            ||     8
 Cast: Foxfire           ||    38
       Scorch            ||    33
  Use: Scroll            ||     2
 Stab: Sleeping          ||     1
Armor: Robe              ||    26
Dodge: Dodged            ||    79
